 Dungeon Crawl Stone Soup version 0.26-a0-712-ga5a9c9c9d0 (webtiles) character file.

Game seed: 164475159169525580

1325 kae the Transmogrifier (level 8, -6/64 HPs)
             Began as a Naga Transmuter on Nov 3, 2020.
             Was an Initiate of Cheibriados.
             Succumbed to kobold's curare-tipped dart
             ... on level 7 of the Dungeon.
             The game lasted 00:06:47 (10282 turns).

kae the Transmogrifier (Naga Transmuter)           Turns: 10282, Time: 00:06:48

Health: -6/64      AC:  2    Str: 17    XL:     8   Next: 60%
Magic:  10/11      EV: 18    Int: 14    God:    Cheibriados [......]
Gold:   264        SH:  0    Dex: 17    Spells: 2/11 levels left

rFire    . . .     SeeInvis +     - Unarmed
rCold    . . .     Faith    .   (shield currently unavailable)
rNeg     . . .     Spirit   .   (armour currently unavailable)
rPois    x         Reflect  .   (helmet currently unavailable)
rElec    .         Harm     .   (cloak currently unavailable)
rCorr    +         Rampage  .   (gloves currently unavailable)
MR       +....                  (no barding)
Stlth    ++........             (no amulet)
HPRegen  0.20/turn              (no ring)
MPRegen  0.12/turn              p - ring of resist corrosion

@: lethally poisoned (-6 -> -102), spider-form (expiring), slowed, lightly
drained, very slow
A: tiny, see invisible, spit poison 1, AC +2
a: Spit Poison, End Transformation, Bend Time, Renounce Religion


You were on level 7 of the Dungeon.
You worshipped Cheibriados.
Cheibriados was noncommittal.
You were a venomous arachnid creature.
You visited 2 branches of the dungeon, and saw 8 of its levels.
You also visited: Sewer.

You collected 264 gold pieces.

Inventory:

Armour
 a - a +1 robe (melded)
 r - a +0 helmet (melded)
Jewellery
 c - an uncursed ring of fire
 f - an uncursed ring of ice
 p - a ring of resist corrosion (right front leg)
Scrolls
 g - a scroll of teleportation
 i - a scroll of fog
 j - a scroll of remove curse
 k - 3 scrolls of amnesia
Potions
 b - 2 potions of might
 d - 2 potions of resistance
 e - a potion of ambrosia
 l - a potion of magic
 m - a potion of brilliance
 o - 3 potions of stabbing
 s - a potion of flight
 t - a potion of cancellation {unknown}
 u - 6 potions of curing {unknown}
 v - a potion of haste {unknown}


   Skills:
 - Level 1.0(0.7) Fighting
 - Level 1.5(1.2) Dodging
 + Level 6.4(6.1) Unarmed Combat
 - Level 2.0(1.7) Spellcasting
 * Level 8.3(7.9) Transmutations
 - Level 3.0(2.7) Poison Magic


You had 2 spell levels left.
You knew the following spells:

 Your Spells              Type           Power        Failure   Level
a - Beastly Appendage     Tmut           ###...       4%          1
b - Spider Form           Tmut/Pois      ###.......   22%         3
c - Blade Hands           Tmut           ###.......   47%         5

Your spell library contained the following spells:

 Spells                   Type           Power        Failure   Level
 Wereblood                Tmut           ###.....     6%          2
 Ice Form                 Ice/Tmut       ##......     65%         4


Dungeon Overview and Level Annotations

Branches:
Dungeon (7/15)             Temple (1/1) D:5           Sewer (visited)

Altars:
Ashenzari
Cheibriados
Elyvilon
Hepliaklqana
Kikubaaqudgha
Makhleb
Nemelex Xobeh
Qazlal
Ru
Sif Muna
Trog
Uskayaw
Vehumet
Wu Jian
Xom
Yredelemnul
Zin

Shops:
D:6 ?

Annotations:
D:7 Prince Ribbit


Innate Abilities, Weirdness & Mutations

You cannot wear boots.
((Your serpentine skin is tough. (AC +2)))
You have supernaturally acute eyesight. (SInv)
((Armour fits poorly on your strangely shaped body.))
((Your system is resistant to poisons. (rPois)))
((You cover ground very slowly.))
You can spit poison.


Message History

You kill the kobold!
Cheibriados appreciates the change of pace.
The kobold throws a curare-tipped dart.
The curare-tipped dart hits you.
You are lethally poisoned!
You have difficulty breathing.
You feel yourself slow down.
Your transformation is almost over.
You feel very sick.
The kobold throws a curare-tipped dart.
The curare-tipped dart hits you.
You are more poisoned.
You have difficulty breathing.
* * * LOW HITPOINT WARNING * * *
You feel as though you will be slow longer.
The kobold throws a curare-tipped dart.
The curare-tipped dart hits you.
You are more poisoned.
You have difficulty breathing.
* * * LOW HITPOINT WARNING * * *
You feel as though you will be slow longer.
Items here: ! ( ) †.
An ogre comes into view. It is wielding a +0 giant spiked club.
You die...

..#.....#
..#.....# ##
#.#.....# .
#.#.....#
K.###.#.#F....#
.....O#.#.....#.
....K.ZK........
.#####K#....F##
#s#.....#
#(####### #(#
################.#
.................#
##################


You could see Prince Ribbit (wandering), an ogre (wandering), 2 kobolds and a
centaur skeleton.

Vanquished Creatures
  A black bear (D:6)
  An orc warrior (D:6)
  4 sky beasts
  An ogre (D:6)
  A big kobold (D:7)
  3 centaur skeletons
  A hound (D:2)
  An orc priest (D:5)
  A bullfrog skeleton (D:4)
  A jelly (D:5)
  An orc wizard (D:5)
  2 iguanas (D:6)
  A worker ant (D:6)
  Natasha (D:4)
  Robin (D:2)
  8 adders
  3 river rats (D:5)
  A white imp (D:5)
  3 ufetubi (D:5)
  An adder skeleton (D:3)
  An adder zombie (D:4)
  6 worms
  3 dart slugs
  3 leopard geckos
  12 orcs
  4 ball pythons
  4 giant cockroaches
  13 goblins
  9 hobgoblins
  11 jackals
  19 kobolds
  2 quokkas
  3 bats
  8 frilled lizards
  A quokka skeleton (D:6)
  11 rats
  A spectral orc (D:2)
148 creatures vanquished.

Vanquished Creatures (others)
  12 plants (Sewer)
12 creatures vanquished.

Grand Total: 160 creatures vanquished

Notes
Turn   | Place    | Note
-------+----------+-------------------------------------------
     0 | D:1      | kae the Naga Transmuter began the quest for the Orb.
     0 | D:1      | Reached XP level 1. HP: 18/18 MP: 3/3
   206 | D:1      | Reached XP level 2. HP: 10/25 MP: 3/5
  1522 | D:2      | Reached skill level 3 in Transmutations
  1537 | D:1      | Reached XP level 3. HP: 18/31 MP: 6/6
  1822 | D:2      | Learned a level 3 spell: Spider Form
  1951 | D:2      | Reached skill level 1 in Poison Magic
  1951 | D:2      | Reached XP level 4. HP: 17/38 MP: 7/7
  2690 | D:2      | Found a basalt altar of Yredelemnul.
  2938 | D:3      | Noticed Robin
  3260 | D:2      | Reached XP level 5. HP: 35/44 MP: 4/8
  3333 | D:2      | Killed Robin
  4041 | D:3      | Found a broken altar of Ashenzari.
  4677 | D:4      | Reached skill level 4 in Transmutations
  4725 | D:4      | Noticed Natasha
  4733 | D:4      | Killed Natasha
  5277 | D:4      | Reached XP level 6. HP: 51/51 MP: 5/9
  5498 | D:5      | Entered Level 5 of the Dungeon
  5714 | D:5      | Found a glowing drain.
  5894 | Sewer    | Entered a sewer
  5906 | Sewer    | Reached skill level 5 in Transmutations
  6867 | D:5      | Noticed a sky beast
  6875 | D:5      | Killed a sky beast
  6875 | D:5      | Reached XP level 7. HP: 52/57 MP: 6/10
  6881 | D:5      | Found a bloodstained altar of Trog.
  6942 | D:5      | Reached skill level 5 in Unarmed Combat
  6942 | D:5      | Reached skill level 6 in Transmutations
  7409 | D:5      | Found a staircase to the Ecumenical Temple.
  7924 | Temple   | Entered the Ecumenical Temple
  8072 | Temple   | Became a worshipper of Cheibriados the Contemplative
  8146 | D:6      | Reached skill level 7 in Transmutations
  8172 | D:6      | Reached XP level 8. HP: 20/64 MP: 7/11
  8984 | D:6      | Reached skill level 8 in Transmutations
  9194 | D:6      | Found Bikerhole's Magic Scroll Shop.
  9403 | D:6      | Noticed a deep elf mage
  9406 | D:6      | Noticed an orange demon
  9410 | D:6      | Noticed a redback
  9668 | D:5      | Learned a level 5 spell: Blade Hands
  9709 | D:6      | Noticed a tarantella
 10260 | D:7      | Noticed Prince Ribbit
 10282 | D:7      | Succumbed to kobold's curare-tipped dart

Illustrated notes

Levels and vault maps discovered:
D:1:      sevenhm_arrival_forest_fort_small_6, layout_basic,
          serial_park_tiny_pond
D:2:      layout_rooms, yredelemnul_forgotten_temple_becter,
          nicolae_overflow_hidden_temple
D:3:      layout_basic, ashenzari_altar_1, uniq_robin
D:4:      layout_basic, uniq_natasha
D:5:      layout_basic, temple_pool_b, lightli_sewer_entry_pipes, bloody_trog
D:6:      layout_basic, serial_shops, nicolae_shop_behind_doors,
          minmay_chambers_of_fives
D:7:      layout_basic, okawaru_humans, fedhas_altar_decomposition,
          nicolae_gozag_seed_capital, uniq_prince_ribbit1
Temple:   regret_index_temple_sphere_string

Skill      XL: |  1  2  3  4  5  6  7  8 |
---------------+-------------------------+-----
Transmutations | 3 4 5 7 8 |  8.3
Poison Magic   | 1 2 3 |  3.0
Unarmed Combat | 4 5 6 |  6.4
Fighting       | |  1.0
Dodging        | |  1.5
Spellcasting   | |  2.0

Action                   |  1- 3 |  4- 6 |  7- 9 || total
-------------------------+-------+-------+-------++-------
Melee: Unarmed           |    73 |   248 |   169 ||   490
       Headbutt          |     9 |    11 |       ||    20
       Punch             |       |     4 |     1 ||     5
 Cast: Beastly Appendage |    16 |    23 |       ||    39
       Spider Form       |       |    26 |    24 ||    50
 Abil: Spit Poison       |     7 |    17 |     7 ||    31
  Use: Scroll            |       |     4 |    14 ||    18
       Potion            |       |       |     2 ||     2
 Stab: Sleeping          |       |       |     1 ||     1
Armor: Robe              |    14 |    24 |    14 ||    52
       Skin              |       |    11 |    10 ||    21
Dodge: Dodged            |    53 |   197 |   150 ||   400

Table legend: (Time is in decaauts)
 A = Elapsed time spent in this place.
 B = Non-inter-level travel time spent in this place.
 C = Inter-level travel time spent in this place.
 D = Time resting spent in this place.
 E = Time spent auto-exploring this place.
 F = Levels seen in this place.
 G = Mean time per level.
                   A        B        C        D        E       F      G
               +--------+--------+--------+--------+--------+-----+--------+
         Total |  12553 |  11687 |    866 |   1573 |   8763 |   9 | 1394.8 |
       Dungeon |  10951 |  10151 |    800 |   1573 |   7462 |   7 | 1564.4 |
        Temple |    249 |    184 |     65 |      0 |    182 |   1 |  249.0 |
         Sewer |   1352 |   1352 |      0 |      0 |   1119 |   1 | 1352.0 |
               +--------+--------+--------+--------+--------+-----+--------+

Top non-repeatable levels by time:
     D:5: 2282 daAuts
     D:1: 2209 daAuts
     D:6: 2121 daAuts
     D:2: 1601 daAuts
   Sewer: 1352 daAuts
     D:3: 1342 daAuts
     D:4: 1301 daAuts
  Temple: 249 daAuts
     D:7: 92 daAuts
